 Dungeon Crawl Stone Soup version 0.31-a0-1612-g4aaf141 (webtiles) character file.

Game seed: 12246057440567536524

152 PidgeyThePirate the Cutter (level 5, 0/42 HPs)
             Began as a Demonspawn Chaos Knight on Jan 9, 2024.
             Was a Plaything of Xom.
             Slain by a gnoll sergeant
             ... wielding a +0 spear
              (10 damage)
             ... on level 4 of the Dungeon.
             The game lasted 00:04:42 (2873 turns).

PidgeyThePirate the Cutter (DsCK)                   Turns: 2873, Time: 00:04:42

Health: 0/42       AC:  5    Str: 15    XL:     5   Next: 11%
Magic:  5/5        EV: 11    Int: 12    God:    Xom [...*..]
Gold:   132        SH:  0    Dex: 12    Spells: 4/4 levels left

rFire   . . .        f - +2 dagger (venom)
rCold   + . .        (no shield)
rNeg    . . .        s - +2 leather armour {rC+}
rPois   .            (no helmet)
rElec   .            (no cloak)
rCorr   .            (no gloves)
SInv    .            (no boots)
Will    .....        (no amulet)
Stlth   +            (no ring)
HPRegen 0.27/turn    (no ring)
MPRegen 0.09/turn

%: no passive effects
@: no status effects
A: spiny 1
a: Renounce Religion


You were on level 4 of the Dungeon.
You worshipped Xom.
You were a favourite toy of Xom.
You visited 1 branch of the dungeon, and saw 4 of its levels.

You collected 132 gold pieces.

Inventory:

Hand Weapons
 a - a +0 short sword of chaos
 f - a +2 dagger of venom (weapon)
Armour
 b - a +2 leather armour
 s - a +2 leather armour of cold resistance (worn)
Wands
 r - a wand of paralysis (7)
 t - a wand of iceblast (8)
Scrolls
 c - a scroll of butterflies
 d - 6 scrolls of identify {unknown}
 e - 3 scrolls of noise {unknown}
 h - a scroll of fear {unknown}
 j - 2 scrolls of teleportation {unknown}
 k - a scroll of enchant armour {unknown}
 q - a scroll of enchant weapon {unknown}
Potions
 g - a potion of berserk rage {unknown}
 i - 2 potions of haste {unknown}
 l - a potion of mutation {unknown}
 m - a potion of magic {unknown}
 n - a potion of heal wounds {unknown}
 o - a potion of might {unknown}
 p - a potion of curing {unknown}


   Skills:
 + Level 3.8 Fighting
 * Level 4.1 Short Blades
 + Level 2.4 Armour
 + Level 1.6 Dodging
 + Level 0.4 Stealth


You had 4 spell levels left.
You didn't know any spells.
Your spell library contained the following spells:

 Spells                   Type           Power      Damage    Failure   Level
 Sublimation of Blood     Necr           0%         N/A       52%         2


Dungeon Overview and Level Annotations

Branches:
Dungeon (4/15)             Temple (0/1) D:4

Altars:


Innate Abilities, Weirdness & Mutations

You are partially covered in sharp spines.


Message History

a +0 club; a gnoll corpse A hobgoblin comes into view.
Found an ivory ring.
The hobgoblin shouts!
You hear an angry hiss.
A gnoll sergeant comes into view. It is wielding a +0 spear.
An iguana comes into view.
The gnoll sergeant shouts!
You hear a shout!
You hit the hobgoblin.
The hobgoblin is severely wounded.
The hobgoblin hits you but does no damage.
You hit the hobgoblin.
You kill the hobgoblin!
The gnoll sergeant closely misses you.
The gnoll sergeant is struck by your spines.
The gnoll sergeant hits you with a +0 spear!
You barely miss the gnoll sergeant.
The gnoll sergeant is moderately wounded.
You hit the gnoll sergeant but do no damage.
The gnoll sergeant is poisoned.
The gnoll sergeant is moderately wounded.
The gnoll sergeant hits you with a +0 spear!
A gnoll comes into view. It is wielding a +0 whip.
You hit the gnoll sergeant but do no damage.
The gnoll sergeant is moderately wounded.
The iguana misses you.
The gnoll sergeant hits you with a +0 spear!
The gnoll sergeant barely misses you.
The iguana bites you but does no damage.
The gnoll sergeant attacks as it pursues you!
The gnoll sergeant hits you from afar with a +0 spear!
* * * LOW HITPOINT WARNING * * *
The gnoll sergeant attacks as it pursues you!
The gnoll sergeant closely misses you.
The gnoll sergeant attacks as it pursues you!
The gnoll sergeant hits you from afar with a +0 spear.
* * * LOW HITPOINT WARNING * * *
A quokka comes into view.
The gnoll sergeant hits you from afar with a +0 spear!
You die...
Xom thinks this is hilarious!

#.r.... >......
.....# .## .....#
..### ....###=... #
##..........
#.####...#.....#
#....@l###..>..#
######...#.†...#...
##g...........
##...###....#
#....# #.# #..g.#
###.... #.#### #.#


You could see a gnoll sergeant (very poisoned), an iguana, a gnoll and a quokka.

Vanquished Creatures
  Jessica (D:2)
  A gnoll (D:4)
  3 adders
  A ribbon worm (D:2)
  2 dart slugs
  4 orcs (D:3)
  3 bats
  7 endoplasms
  2 giant cockroaches
  7 goblins
  3 hobgoblins
  11 jackals
  5 quokkas
  3 ball pythons
  2 frilled lizards
  7 kobolds
  6 rats
68 creatures vanquished.

Notes
Turn   | Place    | Note
-------+----------+-------------------------------------------
     0 | D:1      | PidgeyThePirate the Demonspawn Chaos Knight began the quest
                  | for the Orb.
     0 | D:1      | Reached XP level 1. HP: 18/18 MP: 1/1
   102 | D:1      | Reached skill level 3 in Short Blades
   110 | D:1      | XOM: silly message
   227 | D:1      | Gained mutation: You are partially covered in sharp spines.
                  | [demonic ancestry]
   227 | D:1      | Reached XP level 2. HP: 16/24 MP: 2/2
   334 | D:1      | XOM: divination: magic mapping
   468 | D:1      | XOM: silly message
   522 | D:1      | You fall into a shaft and drop 1 floor!
   753 | D:2      | XOM: silly message
   814 | D:2      | Reached XP level 3. HP: 22/29 MP: 3/3
  1189 | D:2      | XOM: butterfly on damage
  1254 | D:2      | Reached skill level 1 in Dodging
  1305 | D:2      | XOM: cloud trail
  1362 | D:2      | Noticed Jessica
  1370 | D:2      | Killed Jessica
  1371 | D:2      | Reached XP level 4. HP: 12/37 MP: 4/4
  1474 | D:2      | Got Jessica's Handbook of Cadavers
  2818 | D:4      | Reached skill level 4 in Short Blades
  2831 | D:4      | Reached XP level 5. HP: 42/42 MP: 5/5
  2846 | D:4      | Found a staircase to the Ecumenical Temple.
  2873 | D:4      | Slain by a gnoll sergeant

Illustrated notes

Levels and vault maps discovered:
D:1:      roderic_crop_circles_arrival_small, layout_loops_cross
D:2:      kb_forest_paths, layout_loops_corners, kennysheep_jessica_study
D:3:      layout_basic
D:4:      layout_loops_cross, general_overflow_altar, minmay_temple_entry_tees,
          kennysheep_big_empty_room, st_stairs_6

Skill      XL: |  1  2  3  4 |
---------------+-------------+-----
Short Blades   | 3 4 |  4.1
Armour         | 2 |  2.4
Dodging        | 1 |  1.6
Fighting       | |  3.8
Stealth        | |  0.4

Action                     |  1- 3 |  4- 6 || total
---------------------------+-------+-------++-------
  Melee: Short sword       |    52 |       ||    52
         Punch             |     2 |     3 ||     5
         Dagger            |    49 |    80 ||   129
 Armour: Leather armour    |    40 |    42 ||    82
  Dodge: Dodged            |    50 |    36 ||    86

Table legend: (Time is in decaauts)
 A = Elapsed time spent in this place.
 B = Non-inter-level travel time spent in this place.
 C = Inter-level travel time spent in this place.
 D = Time resting spent in this place.
 E = Time spent auto-exploring this place.
 F = Levels seen in this place.
 G = Mean time per level.
                   A        B        C        D        E       F      G
               +--------+--------+--------+--------+--------+-----+--------+
         Total |   2841 |   2721 |    120 |      0 |   2175 |   4 |  710.2 |
       Dungeon |   2841 |   2721 |    120 |      0 |   2175 |   4 |  710.2 |
               +--------+--------+--------+--------+--------+-----+--------+

Top non-repeatable levels by time:
     D:2: 1269 daAuts
     D:1: 850 daAuts
     D:3: 667 daAuts
     D:4: 54 daAuts
